 Dungeon Crawl Stone Soup version 0.29.1-1-gd02db6906a (webtiles) character file.

Game seed: 15263740531370719497

2652 croobank the Caller (level 9, -4/60 HPs)
             Began as an Octopode Summoner on Oct 4, 2022.
             Was an Initiate of Gozag.
             Slain by an orc warrior
             ... wielding a +0 halberd
              (22 damage)
             ... in a bailey.
             The game lasted 00:27:09 (8200 turns).

croobank the Caller (Octopode Summoner)             Turns: 8200, Time: 00:27:10

Health: -4/60      AC:  1    Str:  7    XL:     9   Next: 62%
Magic:  13/16      EV: 19    Int: 21    God:    Gozag
Gold:   443        SH:  0    Dex: 13    Spells: 5/18 levels left

rFire   . . .      SeeInvis .   p - +4 flail (venom)
rCold   . . .      Faith    .   (no shield)
rNeg    . . .      Spirit   .   (helmet restricted)
rPois   .          Reflect  .   (no amulet)
rElec   .          Harm     .   g - +4 ring of evasion
rCorr   .          Rampage  .   (no ring)
Will    .....                   (no ring)
Stlth   ++++......              (no ring)
HPRegen 0.20/turn               (no ring)
MPRegen 0.15/turn               (no ring)
                                (no ring)
                                (no ring)

@: studying Maces & Flails
A: almost no armour, amphibious, 8 rings, camouflage 1, gelatinous body 1,
(nimble swimmer 1), tentacles
a: Renounce Religion, Potion Petition, Call Merchant, Bribe Branch


You were in a bailey.
You worshipped Gozag.
Gozag was aware of your devotion.
You visited 2 branches of the dungeon, and saw 8 of its levels.
You also visited: Bailey.

You collected 555 gold pieces.
You paid 112 gold pieces to Gozag.

Inventory:

Hand Weapons
 c - a +2 whip of draining
 k - a +2 dagger of distortion
 l - a +0 dagger of pain
 n - a +2 dagger of draining
 o - a +1 mace of holy wrath
 p - a +4 flail of venom (weapon)
 u - a +4 short sword
Armour
 a - an orb of energy
Jewellery
 g - a +4 ring of evasion (left tentacle)
Wands
 e - a wand of paralysis (21)
 r - a wand of roots (4)
Scrolls
 b - a scroll of noise
 f - 8 scrolls of teleportation
 i - a scroll of enchant armour
 j - a scroll of magic mapping
 v - a scroll of acquirement {unknown}
Potions
 d - a potion of attraction
 m - 2 potions of curing
 q - 2 potions of haste
 s - 3 potions of heal wounds
 t - 3 potions of might {unknown}
 w - a potion of mutation {unknown}


   Skills:
 * Level 4.9 Fighting
 + Level 4.4 Maces & Flails
 * Level 5.6 Dodging
 - Level 4.7 Stealth
 * Level 5.2 Spellcasting
 * Level 4.5 Hexes
 * Level 6.5 Summonings
 * Level 3.2 Air Magic


You had 5 spell levels left.
You knew the following spells:

 Your Spells              Type           Power      Damage    Failure   Level
a - Summon Small Mammal   Summ           100%       N/A       1%          1
b - Call Imp              Summ           33%        N/A       1%          2
c - Call Canine Familiar  Summ           33%        N/A       2%          3
d - Summon Guardian Gole  Hex/Summ       28%        N/A       3%          3
e - Summon Lightning Spi  Summ/Air       26%        N/A       14%         4

Your spell library contained the following spells:

 Spells                   Type           Power      Damage    Failure   Level
 Static Discharge         Conj/Air       12%        3-5/arc   9%          2
 Beastly Appendage        Tmut           10%        N/A       11%         1
 Sandblast                Erth           10%        2d5       11%         1
 Passwall                 Tmut/Erth      4%         N/A       16%         2
 Wereblood                Tmut           5%         N/A       16%         2
 Gell's Gravitas          Tloc           5%         N/A       32%         3
 Lesser Beckoning         Tloc           5%         N/A       32%         3
 Spider Form              Tmut/Pois      5%         N/A       32%         3
 Stone Arrow              Conj/Erth      10%        3d7       32%         3
 Teleport Other           Tloc           5%         N/A       32%         3
 Lightning Bolt           Conj/Air       6%         1d18      83%         5
 Orb of Destruction       Conj           2%         9d5       100%        7
 Spellforged Servitor     Conj/Summ      9%         N/A       100%        7
 Maxwell's Capacitive Co  Air            9%         ∞         100%        8
 Chain Lightning          Conj/Air       6%         3d8       100%        9
 Fire Storm               Conj/Fire      2%         8d1       100%        9
 Shatter                  Erth           2%         3d6*      100%        9


Dungeon Overview and Level Annotations

Branches:
Dungeon (7/15)             Temple (1/1) D:6          Bailey (1/1)

Altars:
Ashenzari
Cheibriados
Dithmenos
Elyvilon
Gozag
Hepliaklqana
Kikubaaqudgha
Makhleb
Nemelex Xobeh
Okawaru
Qazlal
Ru
Sif Muna
Trog
Uskayaw
Vehumet
Wu Jian
Xom
Yredelemnul
Zin
The Shining One

Shops:
D:4 [*


Innate Abilities, Weirdness & Mutations

You cannot wear most types of armour.
You are amphibious.
You can wear up to eight rings at the same time.
Your skin changes colour to match your surroundings (Stealth+).
Your rubbery body absorbs attacks. (AC +1, EV +1)
((You are camouflaged when in or above water. (Stealth+)))
You have tentacles for arms and can constrict up to eight enemies at once.


Message History

Your hound completely misses the orc.
Your hound bites the orc.
The orc hits your hound but does no damage.
Your hound closely misses the orc.
The orc barely misses your hound.
Your hound bites the orc.
The orc dies!
Magic restored.
You swap places.
You now have 424 gold pieces (gained 6).
Things that are here:
a +0 trident; a +0 ring mail You swap places.
Your rat disappears in a puff of smoke!
You now have 438 gold pieces (gained 14).
Items here: )) [[.
Your rat disappears in a puff of smoke!
You now have 443 gold pieces (gained 5).
Things that are here:
a +0 halberd; a +0 chain mail You open the door.
An orc warrior and a centaur come into view.
Found 16 gold pieces.
The orc warrior shouts!
The centaur shouts!
You hear a shout! x2
There is an open door here.
Casting: Summon Small Mammal (safe; 1% risk of failure)
Confirm with . or Enter, or press ? or * to list all spells.
A guardian golem appears, shielding your allies.
The centaur completely misses you. The centaur hits you with a +0 spear!
The centaur barely misses you.
You hit the centaur but do no damage. The centaur hits you with a +0 spear!
The centaur completely misses you. The centaur barely misses you.
The centaur kicks you.
The orc warrior hits you from afar with a +0 halberd!
You barely miss the centaur.
You squeeze the centaur, but do no damage.
The centaur hits you with a +0 spear! The centaur kicks you.
* * * LOW HITPOINT WARNING * * *
An orc comes into view. It is wielding a +0 spear.
The orc warrior hits you from afar with a +0 halberd!!
You die...
Your body crumbles into a pile of gold.

#.≈≈.≈.≈≈≈≈≈.≈.≈
#≈o.#.≈.≈≈.≈...≈.≈≈.
#≈..#.≈.≈.≈≈...≈≈.≈.
#≈..#.≈.≈.≈.⌠∩⌠.≈.≈.
#≈..#)≈.≈.≈..∩..≈.≈.
#≈..#.≈.≈.≈.⌠∩⌠.≈.≈.
#≈.o#.≈.≈.≈≈...≈≈.≈)
#≈.c#h≈.≈≈.≈...≈.≈≈.
#≈9@#.≈≈)≈.≈≈.≈≈.≈.≈
#≈..h5.≈.≈≈.≈.≈.≈≈.≈
#≈..#.....≈≈...≈≈...
##..#......≈≈≈≈≈)...
##$#≈≈≈≈.........≈≈
######≈≈⌠.....⌠≈≈#
##≈≈≈...≈≈≈##
##≈≈≈≈≈≈≈##
#########


You could see an orc warrior, a centaur (ally target), an orc, a friendly
guardian golem (summoned), a friendly hound (summoned, sheltered) and a friendly
crimson imp (summoned, sheltered).

Vanquished Creatures
  A wyvern (D:7)
  Edmund (D:4)
  2 centaurs
  A nameless horror (D:5)
  A necrophage (D:4)
  2 howler monkeys (D:5)
  A hound (D:4)
  2 iguanas
  2 orc wizards
  2 gnolls (D:3)
  3 adders
  An ufetubus (D:6)
  A worm (D:3)
  4 dart slugs
  7 orcs
  5 endoplasms
  A giant cockroach (D:1)
  2 goblins
  3 hobgoblins
  3 quokkas
  2 ball pythons
  4 bats
  8 frilled lizards
  A kobold (D:4)
  3 rats (D:2)
63 creatures vanquished.

Vanquished Creatures (collateral kills)
  Prince Ribbit (D:6)
  An ogre (D:4)
  A centaur (Bailey)
  A necrophage (D:5)
  A scorpion (D:5)
  2 howler monkeys (D:6)
  Crazy Yiuf (D:6)
  2 hounds (D:6)
  An orc priest (D:6)
  3 adders
  2 gnolls (D:3)
  An ufetubus (D:4)
  A dart slug (D:2)
  20 orcs
  3 bats
  4 endoplasms
  2 goblins
  5 hobgoblins
  4 kobolds
  A quokka (D:5)
  4 ball pythons
  2 rats (D:1)
63 creatures vanquished.

Vanquished Creatures (others)
  A wyvern (D:4)
  Menkaure (D:6)
  Duvessa (D:6)
  An orc warrior (D:6)
  An ice beast (D:5)
  A sky beast (D:6)
  A bullfrog (D:6)
  A necrophage (D:6)
  2 scorpions
  Dowan (D:6)
  2 orc priests (D:6)
  2 orc wizards (D:6)
  4 gnolls (D:6)
  5 orcs (D:6)
  14 plants
38 creatures vanquished.

Grand Total: 164 creatures vanquished

Notes
Turn   | Place    | Note
-------+----------+-------------------------------------------
     0 | D:1      | croobank the Octopode Summoner began the quest for the Orb.
     0 | D:1      | Reached XP level 1. HP: 11/11 MP: 3/3
    41 | D:1      | Found a faded altar of an unknown god.
   145 | D:1      | Reached XP level 2. HP: 12/17 MP: 3/5
   408 | D:1      | Learned a level 2 spell: Call Imp
  1503 | D:2      | Reached XP level 3. HP: 22/22 MP: 3/6
  2602 | D:3      | Reached skill level 1 in Fighting
  2693 | D:3      | Reached XP level 4. HP: 21/28 MP: 4/7
  2697 | D:3      | Learned a level 3 spell: Call Canine Familiar
  3146 | D:3      | Reached XP level 5. HP: 22/33 MP: 6/9
  3150 | D:3      | Learned a level 3 spell: Summon Guardian Golem
  3807 | D:4      | Found Paomaff's Armour Shoppe.
  3898 | D:4      | Found Suzis's Assorted Antiques.
  4232 | D:4      | Noticed an ogre
  4246 | D:4      | Killed an ogre
  4247 | D:4      | Reached skill level 1 in Hexes
  4247 | D:4      | Reached XP level 6. HP: 39/39 MP: 6/10
  4386 | D:4      | Noticed Edmund
  4431 | D:4      | Killed Edmund
  4432 | D:4      | Reached skill level 1 in Maces & Flails
  4432 | D:4      | Reached skill level 5 in Summonings
  4432 | D:4      | Reached XP level 7. HP: 45/45 MP: 2/12
  4718 | D:4      | Noticed a wyvern
  4726 | D:4      | Killed a wyvern
  5106 | D:5      | Entered Level 5 of the Dungeon
  5137 | D:5      | HP: 2/46 [quokka (4)]
  5143 | D:5      | Reached XP level 8. HP: 3/52 MP: 3/14
  5494 | D:5      | Identified the +12 dagger of Extermination {flame, *Corrode
                  | rC+ Will+ Int+2}
  5535 | D:5      | Identified the +2 leather armour of Youthful Indiscretion
                  | {Str+4}
  5609 | D:5      | Learned a level 4 spell: Summon Lightning Spire
  6254 | D:6      | Reached skill level 1 in Air Magic
  6515 | D:6      | Reached skill level 6 in Summonings
  6538 | D:6      | Noticed Menkaure
  6552 | D:6      | Killed Menkaure
  6553 | D:6      | Reached skill level 5 in Dodging
  6553 | D:6      | Reached XP level 9. HP: 45/59 MP: 2/16
  6888 | D:6      | Noticed Prince Ribbit
  6896 | D:6      | Killed Prince Ribbit
  6987 | D:6      | Noticed Dowan
  6992 | D:6      | Noticed Duvessa
  7011 | D:6      | Killed Duvessa
  7012 | D:6      | Reached skill level 5 in Spellcasting
  7037 | D:6      | Killed Dowan
  7320 | D:6      | Found a staircase to the Ecumenical Temple.
  7329 | Temple   | Entered the Ecumenical Temple
  7411 | Temple   | Became a worshipper of Gozag Ym Sagoz the Greedy
  7601 | D:6      | Found a runed translucent door.
  7602 | D:6      | Noticed Crazy Yiuf
  7611 | D:6      | Killed Crazy Yiuf
  7909 | D:7      | Found a flagged portal.
  7919 | Bailey   | Entered a bailey
  8200 | Bailey   | Slain by an orc warrior

Illustrated notes

Levels and vault maps discovered:
D:1:      nicolae_arrival_washed_ashore, layout_basic,
          shapermc_ecumenical_altar_totnotflames,
          chequers_serial_rivers_micro_c, serial_bayou_pond_c
D:2:      layout_basic
D:3:      layout_loops_ring, minmay_lizard_king
D:4:      layout_loops_corners, serial_shops,
          nicolae_shop_temple_entry_statues_fountains,
          nicolae_shop_advertising_works [nicolae_subvault_shop_adworks],
          minmay_manual_mail, uniq_edmund
D:5:      layout_rooms, kennysheep_generic_room_7
D:6:      layout_basic, minmay_temple_entry_stoned_glass, uniq_duvessa,
          uniq_prince_ribbit1, uniq_crazy_yiuf_cottage, uniq_menkaure
D:7:      layout_rooms, serial_corexii_hall, chequers_hall_statues_y,
          corexii_hall_statues_u, enter_bailey_2, st_stairs_6,
          minmay_manual_monolith, uniq_maggie
Temple:   nicolae_temple_bog_church
Bailey:   bailey_polearm_flooded_kennysheep, bailey

Skill      XL: |  1  2  3  4  5  6  7  8  9 |
---------------+----------------------------+-----
Stealth        | 3 4 |  4.7
Fighting       | 1 2 3 4 |  4.9
Dodging        | 3 4 5 |  5.6
Spellcasting   | 3 4 5 |  5.2
Hexes          | 1 3 4 |  4.5
Maces & Flails | 1 2 3 4 |  4.4
Summonings     | 5 6 |  6.5
Air Magic      | 2 3 |  3.2

Action                   |  1- 3 |  4- 6 |  7- 9 || total
-------------------------+-------+-------+-------++-------
Melee: Unarmed           |     7 |       |       ||     7
       Constrict         |    11 |     6 |     9 ||    26
       Punch             |     2 |       |     1 ||     3
       Whip              |    43 |    29 |       ||    72
       Tentacles         |     7 |    11 |    13 ||    31
       Flail             |       |     8 |    56 ||    64
 Cast: Summon Small Mamm |    41 |    25 |    30 ||    96
       Call Imp          |    10 |     6 |    10 ||    26
       Call Canine Famil |       |    13 |    21 ||    34
       Summon Guardian G |       |     5 |    20 ||    25
       Summon Lightning  |       |       |     3 ||     3
  Use: Scroll            |       |     6 |     8 ||    14
       Potion            |       |     3 |     2 ||     5
 Stab: Sleeping          |     6 |     3 |     5 ||    14
       Distracted        |       |     1 |       ||     1
Armor: Skin              |     4 |     2 |     4 ||    10
Dodge: Dodged            |    26 |    32 |    84 ||   142
